 Dungeon Crawl Stone Soup version 0.29-a0-330-g52719c12eb (webtiles) character file.

Game seed: 17158835431642314188

5498 tilp the Fighter (level 10, -2/127 HPs)
             Began as a Demonspawn Monk on Apr 28, 2022.
             Was a Follower of Ru.
             Slain by a gargoyle
             ... wielding a +0 mace
              (14 damage)
             ... on level 8 of the Dungeon.
             The game lasted 00:17:24 (8965 turns).

tilp the Fighter (Demonspawn Monk)                  Turns: 8965, Time: 00:17:25

Health: -2/127     AC: 25    Str: 17    XL:     10   Next: 42%
Magic:  10/10      EV:  2    Int: 11    God:    Ru [*.....]
Gold:   719        SH:  5    Dex: 21    Spells: 9/9 levels left

rFire   . . .      SeeInvis .   a - +1 flail (vorpal)
rCold   . . .      Faith    .   (no shield)
rNeg    . . .      Spirit   .   (body armour currently unavailable)
rPois   +          Reflect  +   (helmet currently unavailable)
rElec   .          Harm     .   (cloak currently unavailable)
rCorr   .          Rampage  .   (gloves currently unavailable)
Will    .....      NoTele   +   (boots currently unavailable)
Stlth   +++.......              u - amulet of reflection
HPRegen 0.31/turn               I - +6 ring of dexterity
MPRegen 0.12/turn               (no ring)

@: tree-form
A: stationary, stasis, torment immunity, boosted hp, (molten scales 3), no fire
magic, no summoning magic, no transmutations magic, (demonic touch 1)
a: Renounce Religion


You were on level 8 of the Dungeon.
You worshipped Ru.
Ru was aware of your devotion.
You were a tree.
You visited 2 branches of the dungeon, and saw 9 of its levels.
You also visited: Bailey.

You collected 719 gold pieces.

Inventory:

Hand Weapons
 a - a +1 vorpal flail (weapon)
 t - a +1 dire flail of protection
 J - a +0 triple crossbow of freezing
Missiles
 e - 5 silver boomerangs
 j - 2 curare-tipped darts
 m - 3 javelins
 o - 31 poisoned darts (quivered)
 p - 18 boomerangs
 q - 3 throwing nets
 y - 2 atropa-tipped darts
Armour
 c - a +0 pair of boots of flying
 f - a +0 pair of gloves (melded)
 i - a +2 cloak (melded)
 r - a +2 helmet of see invisible (melded)
 s - a +0 scale mail (melded)
 v - a +0 plate armour
 x - a +0 chain mail
 E - a scarf of repulsion
 H - a +2 pair of boots (melded)
Magical Staves
 A - a staff of death
Jewellery
 k - an amulet of guardian spirit
 u - an amulet of reflection (around neck)
 I - a +6 ring of dexterity (left branch)
Wands
 C - a wand of charming (5)
 F - a wand of polymorph (5)
 G - a wand of flame (21)
 O - a wand of mindburst (9)
Scrolls
 b - 7 scrolls of identify
 g - 2 scrolls of immolation
 h - 2 scrolls of teleportation
 l - a scroll of blinking
 B - a scroll of vulnerability
 D - a scroll of enchant armour
 N - a scroll of fear
Potions
 n - 2 potions of haste {unknown}
 w - a potion of attraction
 z - a potion of ambrosia
 K - 3 potions of flight
 L - a potion of invisibility {unknown}


   Skills:
 + Level 10.0 Fighting
 + Level 10.0 Maces & Flails
 + Level 0.0 Throwing
 * Level 2.0 Armour
 + Level 4.0 Dodging
 - Level 4.0 Stealth
 + Level 4.0 Evocations


You had 9 spell levels left.
You didn't know any spells.
Your spell library contained the following spells:

 Spells                   Type           Power      Damage    Failure   Level
 Animate Skeleton         Necr           0%         N/A       34%         1
 Apportation              Tloc           0%         N/A       34%         1
 Pain                     Necr           0%         1d4       34%         1
 Frozen Ramparts          Ice            0%         1d2       71%         3
 Vampiric Draining        Necr           0%         2d6       71%         3
 Agony                    Necr           0%         N/A       100%        5
 Excruciating Wounds      Necr           0%         N/A       100%        5
 Conjure Flame            Conj/Fire      Unusable   6-21      N/A         3
 Ignite Poison            Fire/Tmut/Pois Unusable   N/A       N/A         3
 Ice Form                 Ice/Tmut       Unusable   N/A       N/A         4
 Sticky Flame             Conj/Fire      Unusable   2d3       N/A         4
 Summon Ice Beast         Ice/Summ       Unusable   N/A       N/A         4
 Alistair's Intoxication  Tmut/Pois      Unusable   N/A       N/A         5

Dungeon Overview and Level Annotations

Branches:
Dungeon (8/15)             Temple (1/1) D:6          Bailey (visited)
   Lair: D:8-11

Altars:
Ashenzari
Cheibriados
Dithmenos
Elyvilon
Fedhas
Gozag
Hepliaklqana
Kikubaaqudgha
Makhleb
Nemelex Xobeh
Okawaru
Qazlal
Ru
Sif Muna
Trog
Uskayaw
Vehumet
Wu Jian
Xom
Yredelemnul
Zin
The Shining One


Innate Abilities, Weirdness & Mutations

You are a tree.
Your roots penetrate the ground, keeping you stationary.
You cannot be teleported.
You are immune to unholy pain and torment.
Your maximum health is greatly increased.
Your equipment is partially melded.
((You are completely covered in molten scales. (AC +4, rF+)))
You cannot study or cast Fire magic.
You cannot study or cast Summoning magic.
You cannot study or cast Transmutations magic.
((Your touch may inflict minor irresistible damage on your foes.))


Message History

You hit the gargoyle but do no damage.
You touch the gargoyle.
The gargoyle is lightly damaged.
The gargoyle misses you.
You hit the gargoyle but do no damage.
The gargoyle is lightly damaged.
The gargoyle hits you with a +0 mace!
You barely miss the gargoyle.
The gargoyle is lightly damaged.
The gargoyle hits you with a +0 mace!
* * * LOW HITPOINT WARNING * * *
You sock the gargoyle!
The gargoyle is heavily damaged.
You barely miss the gargoyle.
You touch the gargoyle.
The gargoyle is heavily damaged.
The gargoyle hurls a stone arrow at you.
The stone arrow hits you!!
* * * LOW HITPOINT WARNING * * *
You hit the gargoyle but do no damage.
The gargoyle is heavily damaged.
The gargoyle barely misses you.
Really quaff the potion of lignification?
Okay, then.
Really quaff the potion of lignification?
You turn into a tree.
Your +2 cloak melds into your body.
Your +2 helmet of see invisible melds into your body.
Your +0 pair of gloves melds into your body.
Your +2 pair of boots melds into your body.
Your +0 scale mail melds into your body.
You feel less perceptive.
Your roots penetrate the ground.
The gargoyle hits you with a +0 mace.
* * * LOW HITPOINT WARNING * * *
You hit the gargoyle but do no damage.
The gargoyle is heavily damaged.
The gargoyle hurls a stone arrow at you.
The stone arrow hits you!
* * * LOW HITPOINT WARNING * * *
You hit the gargoyle.
The gargoyle is severely damaged.
The gargoyle hits you with a +0 mace!
You die...

###.###.##.# ........##.#
........)..# ####.#.###.#
#.#. #.## #.#. #..# #.#.#
##.# . #.#.# #.#
.Y#####.###♣#.## #.# .
.....#...9...# #.#
...#.#..###.#..# #.#
......(.o......# #.#
.#.#.#..###.##†###.#########
...............†............
..........####.#############
####.###### #.# #. #.#


You could see a gargoyle.

Vanquished Creatures
  A deep elf pyromancer (D:7)
  An orc knight (Bailey)
  Grinder (D:5)
  A culicivora (Bailey)
  4 yaks (D:8)
  Eustachio (D:4)
  Edmund (D:4)
  A water moccasin (D:7)
  Duvessa (D:4)
  7 orc warriors
  2 sky beasts
  An ice beast (D:6)
  3 black bears
  An ogre (D:7)
  3 centaurs
  A phantom (D:5)
  2 bullfrogs
  2 kobold brigands
  4 scorpions
  Dowan (D:4)
  4 killer bees (D:8)
  3 jellies
  4 orc priests
  A gnoll shaman (D:6)
  A hound (D:5)
  Jessica (D:3)
  Natasha (thrice) (D:4)
  2 iguanas (D:6)
  7 orc wizards
  Ijyb (D:5)
  Robin (D:3)
  13 gnolls
  9 adders
  2 white imps
  A worm (D:2)
  A dart slug (D:1)
  18 orcs
  5 endoplasms
  5 giant cockroaches
  19 goblins
  18 hobgoblins
  5 quokkas
  4 ball pythons
  3 bats
  4 frilled lizards
  17 kobolds
  3 rats
194 creatures vanquished.

Vanquished Creatures (others)
  A gnoll (Bailey)
  A kobold (D:7)
2 creatures vanquished.

Grand Total: 196 creatures vanquished

Notes
Turn   | Place    | Note
-------+----------+-------------------------------------------
     0 | D:1      | tilp the Demonspawn Monk began the quest for the Orb.
     0 | D:1      | Reached XP level 1. HP: 18/18 MP: 1/1
   223 | D:1      | Gained mutation: You are partially covered in molten
                  | scales. (AC +2) [demonic ancestry]
   223 | D:1      | Reached XP level 2. HP: 22/24 MP: 2/2
  1107 | D:1      | Found a faded altar of an unknown god.
  1113 | D:1      | Gained mutation: Your touch may inflict minor irresistible
                  | damage on your foes. [demonic ancestry]
  1113 | D:1      | Reached XP level 3. HP: 25/30 MP: 3/3
  1540 | D:2      | Noticed a black bear
  1545 | D:2      | Killed a black bear
  1546 | D:2      | Reached XP level 4. HP: 29/37 MP: 4/4
  1546 | D:2      | Reached XP level 5. HP: 32/42 MP: 5/5
  1566 | D:2      | Reached skill level 1 in Armour
  2442 | D:3      | Noticed Robin
  2542 | D:3      | Noticed Jessica
  2570 | D:3      | Killed Jessica
  2573 | D:3      | Gained mutation: You are mostly covered in molten scales.
                  | (AC +3) [demonic ancestry]
  2573 | D:3      | Reached XP level 6. HP: 28/49 MP: 6/6
  2585 | D:3      | Killed Robin
  3107 | D:4      | Reached skill level 5 in Fighting
  3205 | D:4      | Noticed a sky beast
  3218 | D:4      | Killed a sky beast
  3219 | D:4      | Reached skill level 5 in Maces & Flails
  3379 | D:4      | Noticed Eustachio
  3396 | D:4      | Killed Eustachio
  3397 | D:4      | Reached XP level 7. HP: 49/57 MP: 7/7
  3464 | D:4      | Noticed Edmund
  3467 | D:4      | Noticed Duvessa
  3474 | D:4      | Noticed Dowan
  3476 | D:4      | Killed Edmund
  3486 | D:4      | Killed Duvessa
  3492 | D:4      | Killed Dowan
  3764 | D:4      | Noticed Natasha
  3778 | D:4      | Killed Natasha
  3953 | D:4      | Noticed Natasha
  4219 | D:4      | Reached XP level 8. HP: 62/65 MP: 8/8
  4265 | D:4      | Killed Natasha
  4358 | D:4      | Noticed Natasha
  4366 | D:4      | Killed Natasha
  4373 | D:5      | Entered Level 5 of the Dungeon
  4475 | D:5      | Noticed Grinder
  4475 | D:5      | Paralysed by Grinder for 6 turns
  4486 | D:5      | Killed Grinder
  4958 | D:5      | Noticed Ijyb
  4971 | D:5      | Killed Ijyb
  5673 | D:5      | Reached skill level 1 in Evocations
  6320 | D:6      | Found a staircase to the Ecumenical Temple.
  6367 | D:6      | Reached XP level 9. HP: 74/74 MP: 9/9
  6389 | Temple   | Entered the Ecumenical Temple
  6570 | Temple   | Became a worshipper of Ru the Awakened
  6575 | Temple   | Gained mutation: You cannot study or cast Fire magic. [Ru
                  | sacrifice]
  6575 | Temple   | Gained mutation: You cannot study or cast Transmutations
                  | magic. [Ru sacrifice]
  6575 | Temple   | Gained mutation: You cannot study or cast Summoning magic.
                  | [Ru sacrifice]
  6575 | Temple   | Reached * piety under Ru
  7728 | D:7      | Found a flagged portal.
  7760 | Bailey   | Entered a bailey
  7779 | Bailey   | Noticed an orc knight
  7788 | Bailey   | Noticed an orc knight
  7814 | Bailey   | an orc knight changed into a culicivora
  8261 | Bailey   | Killed an orc knight
  8262 | Bailey   | Reached skill level 10 in Fighting
  8482 | D:7      | Gained mutation: You are completely covered in molten
                  | scales. (AC +4, rF+) [demonic ancestry]
  8482 | D:7      | Reached XP level 10. HP: 85/85 MP: 10/10
  8685 | D:7      | Noticed an angel
  8703 | D:7      | Noticed a deep elf pyromancer
  8708 | D:7      | Killed a deep elf pyromancer
  8946 | D:8      | Noticed a gargoyle
  8948 | D:8      | Reached skill level 10 in Maces & Flails
  8965 | D:8      | Slain by a gargoyle

Illustrated notes

Levels and vault maps discovered:
D:1:      sevenhm_arrival_forest_fort_large_4, layout_loops_ring,
          ebering_ecumenical_altar_rust, grunt_decor_fettered
D:2:      layout_loops_ring
D:3:      layout_rooms, uniq_jessica, uniq_robin
D:4:      layout_cave_pools, uniq_duvessa, uniq_eustachio, uniq_natasha,
          uniq_edmund
D:5:      layout_basic, uniq_ijyb, uniq_grinder
D:6:      layout_loops_corners, minmay_temple_entry_junction
D:7:      layout_basic, zin_angel, enter_bailey_4
D:8:      layout_loops_ring, lair_entry_dummy, nicolae_ossuary_entry_monument,
          hellmonk_guarded_unrand_gong
Temple:   minmay_crystal_snake_temple

Skill      XL: |  1  2  3  4  5  6  7  8  9 10 |
---------------+-------------------------------+-----
Fighting       | 4 5 6 8 10 | 10.0
Maces & Flails | 3 4 5 6 8 10 | 10.0
Stealth        | 2 4 |  4.0
Armour         | 1 2 |  2.0
Dodging        | 3 4 |  4.0
Evocations     | 1 4 |  4.0

Action                   |  1- 3 |  4- 6 |  7- 9 | 10-12 || total
-------------------------+-------+-------+-------+-------++-------
Melee: Mace              |    89 |    33 |       |       ||   122
       Punch             |     3 |     2 |     5 |     2 ||    12
       Touch             |     5 |    28 |    77 |    17 ||   127
       Flail             |       |   127 |   359 |    80 ||   566
Throw: Dart              |     1 |     8 |     8 |     5 ||    22
Invok: Sacrifice Arcana  |       |       |     1 |       ||     1
Evoke: Wand              |       |       |     4 |     5 ||     9
  Use: Scroll            |     6 |     7 |     7 |     1 ||    21
       Potion            |       |       |     7 |     1 ||     8
 Stab: Sleeping          |     3 |       |       |       ||     3
       Distracted        |       |     1 |     2 |       ||     3
Armor: Robe              |    10 |       |       |       ||    10
       Ring mail         |     6 |    11 |       |       ||    17
       Scale mail        |       |    87 |   176 |    22 ||   285
       Skin              |       |       |     4 |       ||     4
Dodge: Dodged            |    61 |    98 |   190 |    46 ||   395
Block: Other             |       |       |    43 |    16 ||    59
       Reflection        |       |       |     3 |     2 ||     5

Table legend: (Time is in decaauts)
 A = Elapsed time spent in this place.
 B = Non-inter-level travel time spent in this place.
 C = Inter-level travel time spent in this place.
 D = Time resting spent in this place.
 E = Time spent auto-exploring this place.
 F = Levels seen in this place.
 G = Mean time per level.
                   A        B        C        D        E       F      G
               +--------+--------+--------+--------+--------+-----+--------+
         Total |   9059 |   8714 |    345 |   1814 |   5038 |  10 |  905.9 |
       Dungeon |   8207 |   7901 |    306 |   1764 |   4564 |   8 | 1025.9 |
        Temple |    211 |    172 |     39 |      0 |    151 |   1 |  211.0 |
        Bailey |    640 |    640 |      0 |     50 |    323 |   1 |  640.0 |
               +--------+--------+--------+--------+--------+-----+--------+

Top non-repeatable levels by time:
     D:5: 1446 daAuts
     D:6: 1378 daAuts
     D:4: 1378 daAuts
     D:1: 1366 daAuts
     D:2: 1106 daAuts
     D:7: 786 daAuts
  Bailey: 640 daAuts
     D:3: 601 daAuts
  Temple: 211 daAuts
     D:8: 143 daAuts
